 Dungeon Crawl Stone Soup version 0.21-a0-201-g8501b10 (webtiles) character file.

76 tehllama the Insei (level 4, -5/28 HPs)
             Began as an Octopode Transmuter on Aug 19, 2017.
             Slain by tehllama's ghost (8 damage)
             ... on level 3 of the Dungeon.
             The game lasted 00:02:17 (1729 turns).

tehllama the Insei (Octopode Transmuter)            Turns: 1729, Time: 00:02:17

Health: -5/28      AC:  1    Str:  7 (10) XL:     4   Next: 32%
Magic:  7/7        EV: 13    Int: 13 (15) God:
Gold:   94         SH:  0    Dex: 14 (15) Spells: 6/7 levels left

rFire    . . .     SeeInvis .     - Unarmed
rCold    . . .     Gourm    .   (no shield)
rNeg     . . .     Faith    .   (helmet restricted)
rPois    .         Spirit   .   (no amulet)
rElec    .         Reflect  .   (no ring)
rCorr    .         Harm     .   k - +3 ring of dexterity
MR       .....                  (no ring)
Stlth    +++.......             (no ring)
HPRegen  0.09/turn              (no ring)
MPRegen  0.10/turn              (no ring)
                                (no ring)
                                (no ring)

@: very slightly contaminated
A: almost no armour, stealthy swim, amphibious, 8 rings, constrict 8, camouflage
1, gelatinous body 1
a: no special abilities


You were on level 3 of the Dungeon.
You were not hungry.

You visited 1 branch of the dungeon, and saw 3 of its levels.

You collected 94 gold pieces.

Inventory:

Missiles
 a - 106 arrows
Jewellery
 h - an uncursed ring of ice
 k - a +3 ring of dexterity (right tentacle)
Scrolls
 g - 2 scrolls of immolation
Potions
 j - a potion of flight
 q - a potion of lignification {unknown}
Books
 b - a book of Changes

   Spells                             Type                      Level
   a - Beastly Appendage              Transmutation                1
   b - Sticks to Snakes               Transmutation                2
   c - Spider Form                    Transmutation/Poison         3
   d - Ice Form                       Ice/Transmutation            4
   e - Blade Hands                    Transmutation                5
Comestibles
 c - 2 bread rations
 d - a chunk of flesh
 f - 3 meat rations
 m - 2 royal jellies


   Skills:
 - Level 1.0 Fighting
 - Level 2.0 Dodging
 + Level 2.4 Stealth
 + Level 4.6 Unarmed Combat
 - Level 2.0 Spellcasting
 - Level 2.0 Transmutations


You had 6 spell levels left.
You knew the following spells:

 Your Spells              Type           Power        Failure   Level  Hunger
a - Beastly Appendage     Tmut           #.....       11%         1    ##.....


Dungeon Overview and Level Annotations

Branches:
Dungeon (3/15)

Altars:

Annotations:
D:3 tehllama's ghost, amateur OpTm


Innate Abilities, Weirdness & Mutations

You cannot wear most types of armour.
You are very stealthy in the water. (Stealth+)
You are amphibious.
You can wear up to eight rings at the same time.
You can use your tentacles to constrict eight enemies at once.
Your skin changes colour to match your surroundings (Stealth+).
Your rubbery body absorbs attacks. (AC +1, EV +1)


Message History

j - a potion of flight Your tentacle spike disappears.
Blink to where?
Press: ? - help, Dir - move target cursor You are very lightly contaminated with residual magic.
As you read the scroll labeled OXIGRA VEMI, it crumbles to dust.
It was a scroll of blinking.
As you read the scroll labeled MIRRAGUT ATOMUGHU, it crumbles to dust.
You hear a loud clanging noise!
It was a scroll of noise.
You hear a shout!
You climb downwards.
Level annotation: tehllama's ghost, amateur OpTm Tehllama's ghost flexes its fingers.
Tehllama's ghost hits you! The adder skeleton closely misses you.
The orc hits you with a falchion!
* * * LOW HITPOINT WARNING * * *
Tehllama's ghost whispers, "The ORB doesn't exist."
Tehllama's ghost hits you!
You die...

.# #. .#
#.####.###
#.#......##
#####.#.#.....###
#.......b.!......
#........Z....#
#.###..†.@o..#
#.........W###
#....†.....#
#..............#
#..............#
#....<........$#
###...##.......#
#.... #.......#
.##?# ........#


You could see tehllama's ghost, an orc, a bat and an adder skeleton.

Vanquished Creatures
  3 adders
  3 worms (D:2)
  2 dart slugs (D:2)
  A leopard gecko (D:2)
  5 hobgoblins
  A quokka (D:2)
  4 bats
  4 frilled lizards
  9 goblins
  2 kobolds
  5 rats
39 creatures vanquished.

Notes
Turn   | Place    | Note
-------+----------+-------------------------------------------
     0 | D:1      | tehllama the Octopode Transmuter began the quest for the Orb.
     0 | D:1      | Reached XP level 1. HP: 13/13 MP: 3/3
   394 | D:1      | Reached XP level 2. HP: 9/18 MP: 5/5
   998 | D:2      | Reached skill level 4 in Unarmed Combat
  1010 | D:2      | Reached XP level 3. HP: 20/23 MP: 6/6
  1131 | D:2      | Reached skill level 1 in Stealth
  1396 | D:2      | Reached XP level 4. HP: 17/28 MP: 7/7
  1626 | D:3      | Noticed tehllama's ghost (amateur OpTm)
  1729 | D:3      | Slain by tehllama's ghost

Vault maps used:
D:1:      minmay_arrival_four_loops, minmay_misc_feat_enclosed,
          minmay_octomino_j4
D:2:      serial_glass, glass_columns_a, glass_columns_c, glass_columns_a,
          glass_columns_a, glass_columns_c, glass_columns_a, glass_columns_b,
          glass_columns_a, kennysheep_generic_room_4
D:3:      amethyst_killhole, cheibrodos_gnoll_hut, uniq_crazy_yiuf_cottage

Skill      XL: |  1  2  3 |
---------------+----------+-----
Unarmed Combat | 4 |  4.6
Stealth        | 2 |  2.4
Fighting       | |  1.0
Dodging        | |  2.0
Spellcasting   | |  2.0
Transmutations | |  2.0

Action                   |  1- 3 |  4- 6 || total
-------------------------+-------+-------++-------
Melee: Unarmed           |    62 |    14 ||    76
       Constrict         |    19 |     4 ||    23
       Tentacles         |    11 |     1 ||    12
       Punch             |     1 |       ||     1
       Kick              |     4 |     2 ||     6
 Cast: Beastly Appendage |     6 |     2 ||     8
  Use: Scroll            |       |     6 ||     6
       Potion            |       |     3 ||     3
 Stab: Sleeping          |     4 |     2 ||     6
  Eat: Chunk             |     2 |     1 ||     3
Armor: Skin              |     6 |       ||     6
Dodge: Dodged            |    31 |     9 ||    40
